 Dungeon Crawl Stone Soup version 0.28.0 (webtiles) character file.

Game seed: 9254162311152472460

8 Kaptain the Digger (level 2, -1/16 HPs)
             Began as a Gargoyle Earth Elementalist on Feb 16, 2022.
             Slain by a goblin (3 damage)
             ... on level 1 of the Dungeon.
             The game lasted 00:00:56 (148 turns).

Kaptain the Digger (Gargoyle Earth Elementalist)     Turns: 148, Time: 00:00:57

Health: -1/16      AC:  4    Str: 11    XL:     2   Next: 8%
Magic:  4/5        EV: 12    Int: 15    God:
Gold:   11         SH:  0    Dex: 10    Spells: 4/5 levels left

rFire   . . .      SeeInvis .   d - +0 short sword
rCold   . . .      Faith    .   (no shield)
rNeg    + . .      Spirit   .   b - +0 robe
rPois   ∞          Reflect  .   (no helmet)
rElec   +          Harm     .   (no cloak)
rCorr   .          Rampage  .   (no gloves)
Will    .....                   (no boots)
Stlth   ++........              (no amulet)
HPRegen 0.05/turn               (no ring)
MPRegen 0.09/turn               (no ring)

@: no status effects
A: sickness immunity, AC +2, negative energy resistance 1, electricity
resistance, torment resistance 1, petrification resistance
a: no special abilities


You were on level 1 of the Dungeon.
You visited 1 branch of the dungeon, and saw 1 of its levels.

You collected 11 gold pieces.

Inventory:

Hand Weapons
 d - a +0 short sword (weapon)
Missiles
 c - 70 stones
Armour
 b - a +0 robe (worn)
Scrolls
 a - a scroll of teleportation {unknown}


   Skills:
 + Level 0.3 Fighting
 + Level 0.2 Armour
 + Level 1.6 Dodging
 + Level 2.3 Stealth
 * Level 2.1 Spellcasting
 - Level 0.7 Transmutations
 * Level 3.8 Earth Magic


You had 4 spell levels left.
You knew the following spells:

 Your Spells              Type           Power      Damage    Failure   Level
a - Sandblast             Erth           26%        2d8       4%          1

Your spell library contained the following spells:

 Spells                   Type           Power      Damage    Failure   Level
 Passwall                 Tmut/Erth      6%         N/A       13%         2
 Stone Arrow              Conj/Erth      14%        3d7       30%         3
 Petrify                  Tmut/Erth      8%         N/A       63%         4


Dungeon Overview and Level Annotations

Branches:
Dungeon (1/15)

Altars:


Innate Abilities, Weirdness & Mutations

You are immune to sickness and miasma.
Your stone body is resilient. (AC +2)
You are immune to poison.
You resist negative energy. (rN+)
You are resistant to electric shocks. (rElec)
You are resistant to unholy torment.
You are immune to petrification.


Message History

The hobgoblin is almost dead.
The hobgoblin barely misses you. The dart slug launches a dart at you.
The slug dart misses you.
The slug dart hits the hobgoblin.
The hobgoblin dies!
The hobgoblin hits you but does no damage.
The goblin barely misses you. The dart slug launches a dart at you.
The slug dart hits you.
You aren't carrying any potions.
Unknown command.
Unknown command.
You hit the hobgoblin.
The hobgoblin is almost dead.
The hobgoblin hits you but does no damage.
The goblin closely misses you.
The hobgoblin hits you but does no damage.
You closely miss the goblin. The goblin misses you.
The goblin hits you with a +0 club.
* * * LOW HITPOINT WARNING * * *
Unknown command.
Casting: Sandblast (safe; 4% risk of failure)
Confirm with . or Enter, or press ? or * to list all spells.
Aiming: Sandblast (safe; 4% risk of failure)
Press: ? - help, Shift-Dir - straight line, f - goblin
Aim: a goblin, wielding a +0 club (74% to hit)
Okay, then.
You completely miss the goblin. The goblin hits you but does no damage.
Casting: Sandblast (safe; 4% risk of failure)
Confirm with . or Enter, or press ? or * to list all spells.
Aiming: Sandblast (safe; 4% risk of failure)
Press: ? - help, Shift-Dir - straight line, f - dart slug
Aim: a dart slug (100% to hit)
The blast of sand hits the dart slug.
The dart slug is moderately wounded.
The dart slug launches a dart at you. The slug dart hits you.
* * * LOW HITPOINT WARNING * * *
The goblin hits you with a +0 club.
You die...

#....# #....# #####
##....# ##.<.## .....#
#.....## .w...# .#8≈8#.#
#....# .#≈≈≈#.# #..#.##
.#8≈8#.# #@##..#
.#≈≈≈#.# #g#...#
.#8≈8#.## #g..#
#.....##.#######.###
###.####...#.gg#.######
#..##.###...#..........
##.....................
#.........####.........
##.....w#........##.....


You could see a dart slug, a hobgoblin and a goblin.

Vanquished Creatures
  A ball python (D:1)
  An endoplasm (D:1)
  2 hobgoblins (D:1)
  A kobold (D:1)
  A rat (D:1)
6 creatures vanquished.

Vanquished Creatures (others)
  A hobgoblin (D:1)
1 creature vanquished.

Grand Total: 7 creatures vanquished

Notes
Turn   | Place    | Note
-------+----------+-------------------------------------------
     0 | D:1      | Kaptain the Gargoyle Earth Elementalist began the quest for
                  | the Orb.
     0 | D:1      | Reached XP level 1. HP: 10/10 MP: 3/3
   136 | D:1      | Reached XP level 2. HP: 13/15 MP: 5/5
   148 | D:1      | Slain by a goblin

Illustrated notes

Levels and vault maps discovered:
D:1:      lightli_arrival_statue_moat, layout_rooms, serial_bayou_pond_b

Action                   || total
-------------------------++-------
Melee: Short sword       ||    14
       Punch             ||     1
 Cast: Sandblast         ||     7
Armor: Robe              ||     7
Dodge: Dodged            ||    15
